 Dungeon Crawl Stone Soup version 0.29-a0-557-g43b9904bd1 (webtiles) character file.

Game seed: 5558952965199189558

42 Pelinal the Chopper (level 3, 0/31 HPs)
             Began as a Palentonga Abyssal Knight on June 9, 2022.
             Was a Believer of Lugonu.
             Killed by nerve-wracking pain
             ... invoked by Jessica
              (8 damage)
             ... on level 2 of the Dungeon.
             The game lasted 00:02:18 (1341 turns).

Pelinal the Chopper (Palentonga Abyssal Knight)     Turns: 1341, Time: 00:02:19

Health: 0/31       AC:  5    Str: 18    XL:     3   Next: 35%
Magic:  1/4        EV:  9    Int: 10    God:    Lugonu [**....]
Gold:   114        SH:  0    Dex: 10    Spells: 2/2 levels left

rFire   . . .      SeeInvis +   a - +1 hand axe
rCold   . . .      Faith    .   (no shield)
rNeg    . . .      Spirit   .   b - +0 leather armour
rPois   .          Reflect  .   e - +0 helmet
rElec   .          Harm     .   (no cloak)
rCorr   .          Rampage  .   (no gloves)
Will    .....                   (no barding)
Stlth   +.........              (no amulet)
HPRegen 0.10/turn               (no ring)
MPRegen 0.09/turn               (no ring)

@: no status effects
A: large, rugged brown scales 3, see invisible, deformed body, roll 1, armoured
tail
a: Rolling Charge, Renounce Religion, Depart the Abyss, Bend Space


You were on level 2 of the Dungeon.
You worshipped Lugonu.
Lugonu was pleased with you.
You visited 1 branch of the dungeon, and saw 2 of its levels.
You visited the Abyss 1 time.

You collected 114 gold pieces.

Inventory:

Hand Weapons
 a - a +1 hand axe (weapon)
Missiles
 c - 3 silver boomerangs
Armour
 b - a +0 leather armour (worn)
 e - a +0 helmet (worn)
Jewellery
 d - a ring of positive energy
Scrolls
 f - 2 scrolls of identify {unknown}
 h - a scroll of enchant armour {unknown}
Potions
 g - a potion of haste {unknown}
 i - a potion of invisibility {unknown}
 j - a potion of degeneration {unknown}


   Skills:
 - Level 3.0 Fighting
 + Level 3.7 Axes
 - Level 1.6 Armour
 - Level 0.8 Dodging
 - Level 2.0 Invocations


You had 2 spell levels left.
You didn't know any spells.
Your spell library contained the following spells:

 Spells                   Type           Power      Damage    Failure   Level
 Apportation              Tloc           0%         N/A       41%         1
 Necrotize                Necr           0%         1d4       41%         1
 Slow                     Hex            0%         N/A       41%         1
 Summon Small Mammal      Summ           0%         N/A       41%         1
 Ensorcelled Hibernation  Hex/Ice        0%         N/A       56%         2
 Confusing Touch          Hex            0%         N/A       80%         3
 Spider Form              Tmut/Pois      0%         N/A       80%         3
 Vampiric Draining        Necr           0%         2d6       80%         3
 Anguish                  Hex/Necr       0%         N/A       99%         4


Dungeon Overview and Level Annotations

Branches:
Dungeon (2/15)

Altars:

Annotations:
D:2 Jessica


Innate Abilities, Weirdness & Mutations

You are completely covered in rugged brown scales. (AC +3, +7% HP)
You have supernaturally acute eyesight. (SInv)
Armour fits poorly on your strangely shaped body.
You can roll at nearby foes to attack.
You have a long armoured tail.


Message History

Okay, then.
Okay, then.
You fail to use your ability.
Jessica misses you. Jessica closely misses you.
Unknown command.
Space bends violently around you!
You blink.
Roll where?
Press: ? - help, Dir - move target, f - Jessica
Aim: Jessica, wielding a +0 dagger and wearing a +0 robe (translocational energy, lightly wounded, fast)
You roll forward with a clatter of scales!
You slash Jessica!
Jessica is almost dead.
Jessica gestures wildly while chanting.
Jessica blinks!
Unknown command.
Unknown command.
You hit the ball python.
The ball python is severely wounded.
The ball python bites you.
Jessica drinks a potion.
Jessica is healed!
You hit the ball python.
You kill the ball python!
Lugonu accepts your kill.
Jessica looks very angry.
Jessica barely misses you.
You hit Jessica.
Jessica is heavily wounded.
Jessica hits you with a +0 dagger.
Unknown command.
You hit Jessica.
Jessica is severely wounded.
Jessica barely misses you.
Jessica drinks a potion.
Jessica is healed!
You barely miss Jessica.
Your tail-slap misses Jessica.
Jessica hits you but does no damage. Jessica barely misses you.
Unknown command.
Space bends violently around you!
You blink.
Jessica hits you with a +0 dagger.
* * * LOW HITPOINT WARNING * * *
Unknown command.
Space bends violently around you!
You blink.
Jessica casts a spell at you. Pain shoots through your body!
You die...

#....... # #....... #
#......# # #......# #
#......# # #....<$## #
#......# # #......# ##
#...@..#########....
#......ยง@............
#......###########...
#......# #. #......# #
#.[....# # #......# #
#####..# ## ##.#
####..


You could see Jessica (fast).

Vanquished Creatures
  2 adders (D:2)
  A dart slug (D:1)
  5 endoplasms
  A giant cockroach (D:1)
  A goblin (D:1)
  A hobgoblin (D:2)
  A quokka (D:2)
  6 ball pythons
  A frilled lizard (D:2)
  2 kobolds (D:1)
  A rat (D:2)
22 creatures vanquished.

Notes
Turn   | Place    | Note
-------+----------+-------------------------------------------
     0 | Abyss:1  | Pelinal the Palentonga Abyssal Knight began the quest for
                  | the Orb.
     0 | Abyss:1  | Reached XP level 1. HP: 19/19 MP: 2/2
     4 | D:1      | Escaped the Abyss
   335 | D:1      | Reached XP level 2. HP: 21/25 MP: 3/3
  1190 | D:2      | Found a faded altar of an unknown god.
  1242 | D:2      | Reached XP level 3. HP: 28/31 MP: 4/4
  1319 | D:2      | Noticed Jessica
  1341 | D:2      | Killed from afar by Jessica

Illustrated notes

Levels and vault maps discovered:
D:1:      amcnicky_arrival_flooded_fountain, layout_loops_corners
D:2:      layout_rooms, ebering_ecumenical_altar_petrified, uniq_jessica

Skill      XL: |  1  2 |
---------------+-------+-----
Axes           | 3 |  3.7
Fighting       | |  3.0
Armour         | |  1.6
Dodging        | |  0.8
Invocations    | |  2.0

Action                   || total
-------------------------++-------
Melee: Hand axe          ||    53
       Tailslap          ||     6
Invok: Bend Space        ||     3
 Abil: Rolling Charge    ||    14
 Stab: Distracted        ||     1
Armor: Leather armour    ||    14
Dodge: Dodged            ||    22

Table legend: (Time is in decaauts)
 A = Elapsed time spent in this place.
 B = Non-inter-level travel time spent in this place.
 C = Inter-level travel time spent in this place.
 D = Time resting spent in this place.
 E = Time spent auto-exploring this place.
 F = Levels seen in this place.
 G = Mean time per level.
                   A        B        C        D        E       F      G
               +--------+--------+--------+--------+--------+-----+--------+
         Total |   1349 |   1329 |     20 |    104 |   1067 |   3 |  449.7 |
       Dungeon |   1345 |   1325 |     20 |    104 |   1067 |   2 |  672.5 |
         Abyss |      4 |      4 |      0 |      0 |      0 |   1 |    4.0 |
               +--------+--------+--------+--------+--------+-----+--------+

Top non-repeatable levels by time:
     D:1: 1010 daAuts
     D:2: 335 daAuts
 Abyss:1: 4 daAuts
